 Dungeon Crawl Stone Soup version 0.30.1-3-gfc49f6343a (webtiles) character file.

Game seed: 11225502843063236269

132 Peloso the Slasher (level 4, -1/41 HPs)
             Began as a Minotaur Fighter on Aug 9, 2023.
             Succumbed to a water moccasin's poison
             ... in a sewer.
             The game lasted 00:04:49 (1667 turns).

Peloso the Slasher (Minotaur Fighter)               Turns: 1667, Time: 00:04:49

Health: -1/41      AC:  7    Str: 17 (20) XL:     4   Next: 92%
Magic:  3/3        EV:  9    Int:  4 (5)  God:
Gold:   48         SH:  4    Dex:  9 (12) Spells: 3/3 levels left

rFire   . . .        a - +0 long sword
rCold   . . .        c - +0 buckler
rNeg    . . .        b - +0 scale mail
rPois   .            (helmet restricted)
rElec   .            (no cloak)
rCorr   .            (no gloves)
SInv    .            (no boots)
Will    .....        (no amulet) Stlth
                     (no ring)
HPRegen 0.26/turn    (no ring)
MPRegen 0.08/turn

%: no passive effects
@: lethally poisoned (-1 -> -18)
A: horns 2, retaliatory headbutt
a: no special abilities


You were in a sewer.
You visited 1 branch of the dungeon, and saw 3 of its levels.
You also visited: Sewer.

You collected 48 gold pieces.

Inventory:

Hand Weapons
 a - a +0 long sword (weapon)
Missiles
 e - a throwing net (quivered)
Armour
 b - a +0 scale mail (worn)
 c - a +0 buckler (worn)
Scrolls
 f - a scroll of identify {unknown}
 g - a scroll of noise {unknown}
 i - a scroll of enchant armour {unknown}
 k - 5 scrolls of teleportation {unknown}
 m - a scroll of fog {unknown}
Potions
 d - a potion of might
 l - a potion of berserk rage


   Skills:
 + Level 4.3 Fighting
 + Level 4.5 Long Blades
 + Level 4.3 Armour
 + Level 1.0 Dodging
 + Level 4.2 Shields


You had 3 spell levels left.
You didn't know any spells.
Your spell library contained the following spells:

 Spells                   Type           Power      Damage    Failure   Level
 Shock                    Conj/Air       0%         1d3       93%         1
 Swiftness                Air            0%         N/A       100%        3
 Airstrike                Air            0%         2d(0-16)  100%        4


Dungeon Overview and Level Annotations

Branches:
Dungeon (3/15)              Sewer (1/1)

Altars:
Hepliaklqana


Innate Abilities, Weirdness & Mutations

You have a pair of horns on your head.
You reflexively headbutt those who attack you in melee.


Message History

Found a scroll labelled FICIOCKILEU and a spear.
The water moccasin hisses angrily.
A water moccasin is nearby!
The water moccasin closely misses you.
You closely miss the water moccasin. You block the water moccasin's attack.
The water moccasin barely misses you. You furiously retaliate!
You headbutt the water moccasin! You barely miss the water moccasin.
The water moccasin is moderately wounded.
The water moccasin bites you.
You are poisoned.
The water moccasin poisons you!
You hit the water moccasin but do no damage.
Your headbutt misses the water moccasin.
The water moccasin is moderately wounded.
You feel very sick. The water moccasin barely misses you.
You furiously retaliate!
You headbutt the water moccasin. The water moccasin bites you.
You hit the water moccasin.
The water moccasin is heavily wounded.
You feel sick. The water moccasin bites you.
The water moccasin closely misses you.
You barely miss the water moccasin.
You headbutt the water moccasin, but do no damage.
The water moccasin is heavily wounded.
You feel sick. The water moccasin bites you!
You are lethally poisoned!
The water moccasin poisons you!
You hit the water moccasin but do no damage.
The water moccasin is heavily wounded.
* * * LOW HITPOINT WARNING * * *
You feel very sick. The water moccasin bites you.
* * * LOW HITPOINT WARNING * * *
The water moccasin bites you.
* * * LOW HITPOINT WARNING * * *
It was a potion of degeneration.
There was something very wrong with that liquid.
You feel weakened.
You feel dopey.
You feel clumsy.
You die...

)?#. .#.#
#..~
##...##
#..~..#
..~.##
#...#
#.S##
#.@.#
##.~# #.
#~.# #.~
#~.# #..#
##~.# #...
#~..#
#.~###~~##
#...#.~.#
#.~.~~##


You could see a water moccasin.

Vanquished Creatures
  Terence (D:2)
  3 adders (D:2)
  2 worms
  3 dart slugs
  6 endoplasms
  4 giant cockroaches
  6 goblins
  5 hobgoblins
  2 jackals (Sewer)
  4 quokkas
  6 ball pythons
  9 bats
  12 frilled lizards (D:1)
  5 kobolds
  2 rats
70 creatures vanquished.

Notes
Turn   | Place    | Note
-------+----------+-------------------------------------------
     0 | D:1      | Peloso the Minotaur Fighter began the quest for the Orb.
     0 | D:1      | Reached XP level 1. HP: 19/19 MP: 0/0
    44 | D:1      | Reached XP level 2. HP: 26/27 MP: 1/1
   247 | D:1      | Reached XP level 3. HP: 31/33 MP: 2/2
   592 | D:1      | Found a faded altar of an unknown god.
   753 | D:2      | Found a hazy altar of Hepliaklqana.
   899 | D:2      | Reached XP level 4. HP: 40/40 MP: 3/3
  1282 | D:2      | Noticed Terence
  1292 | D:2      | Killed Terence
  1293 | D:2      | Reached skill level 1 in Dodging
  1575 | D:3      | Found a glowing drain.
  1605 | Sewer    | Entered a sewer
  1656 | Sewer    | Noticed a water moccasin
  1667 | Sewer    | Succumbed to a water moccasin's poison

Illustrated notes

Levels and vault maps discovered:
D:1:      grunt_arrival_lava_bath, layout_basic,
          hellmonk_ecumenical_altar_arch_garden, reono_crystal_passage,
          minmay_lizard_king
D:2:      layout_basic, basic_altar, uniq_terence
D:3:      layout_basic, portal_sewer_entry_b
Sewer:    sewer_the_moccasin

Skill      XL: |  1  2  3  4 |
---------------+-------------+-----
Fighting       | 4 |  4.3
Shields        | 4 |  4.2
Long Blades    | 3 4 |  4.5
Armour         | 4 |  4.3
Dodging        | 1 |  1.0

Action                     |  1- 3 |  4- 6 || total
---------------------------+-------+-------++-------
  Melee: Long sword        |   109 |    75 ||   184
         Headbutt          |     8 |     8 ||    16
    Use: Potion            |     3 |     1 ||     4
         Scroll            |     1 |       ||     1
 Armour: Scale mail        |    62 |    30 ||    92
  Dodge: Dodged            |    68 |    31 ||    99
  Block: Buckler           |    38 |    18 ||    56
